 Dungeon Crawl Stone Soup version 0.31-a0-920-g28cbb04a8c (webtiles) character file.

Game seed: 84379873368520472

81 Ceno the Ruffian (level 4, 38/38 HPs)
             Began as a Draconian Shapeshifter on July 16, 2023.
             Was an Initiate of Ashenzari.
             Quit the game on level 3 of the Dungeon on Oct 17, 2023.
             The game lasted 00:10:23 (2288 turns).

Ceno the Ruffian (Draconian Shapeshifter)           Turns: 2288, Time: 00:10:24

Health: 38/38      AC:  5    Str: 19    XL:     4   Next: 19%
Magic:  4/4        EV: 12    Int:  8    God:    Ashenzari [......]
Gold:   114        SH:  0    Dex: 12    Spells: 3/3 levels left

rFire   . .          .
                       - Unarmed
rCold   . . .        (no shield)
rNeg    . . .        (body armour unavailable)
rPois   .            (helmet currently unavailable)
rElec   .            (cloak currently unavailable)
rCorr   .            (gloves currently unavailable)
SInv    .            (boots currently unavailable)
Will    .....        (no amulet)
Stlth   ++           (no ring)
HPRegen 0.26/turn    (no ring)
MPRegen 0.09/turn

%: no passive effects
@: beast-form
A: beast (slay +1), AC +5, unfitting armour, cold-blooded
a: Begin Untransformation, Renounce Religion, Curse Item


You were on level 3 of the Dungeon.
You worshipped Ashenzari.
Ashenzari was noncommittal.
You were a hulking beast.
You visited 1 branch of the dungeon, and saw 3 of its levels.

You collected 114 gold pieces.

Inventory:

Missiles
 c - 10 stones (quivered)
 e - 4 poisoned darts
Talismans
 b - a beast talisman (active)
Scrolls
 d - 2 scrolls of identify {unknown}
 h - 2 scrolls of blinking {unknown}
 k - 2 scrolls of immolation {unknown}
Potions
 a - a potion of lignification
 f - a potion of magic {unknown}
 g - 2 potions of haste {unknown}
 i - 2 potions of mutation {unknown}
 j - a potion of curing {unknown}


   Skills:
 + Level 3.0 Fighting
 - Level 1.7 Dodging
 + Level 1.6 Stealth
 * Level 3.5 Unarmed Combat
 - Level 3.2 Shapeshifting


You had 3 spell levels left.
You didn't know any spells.
Your spell library contained the following spells:

 Spells                   Type           Power      Damage    Failure   Level
 Magic Dart               Conj           0%         1d3       41%         1
 Call Imp                 Summ           0%         N/A       54%         2
 Mephitic Cloud           Conj/Pois/Air  0%         N/A       78%         3
 Ozocubu's Armour         Ice            0%         N/A       78%         3
 Metabolic Englaciation   Hex/Ice        0%         N/A       100%        5
 Simulacrum               Ice/Necr       0%         N/A       100%        6


Dungeon Overview and Level Annotations

Branches:
Dungeon (3/15)

Altars:
Ashenzari


Innate Abilities, Weirdness & Mutations

You are a hulking beast.
Your limbs bulge with bestial killing power. (Slay +1)
Your plain brown scales are hard. (AC +5)
You cannot fit into any form of body armour.
You are cold-blooded and may be slowed by cold attacks.


Message History

e - 4 poisoned darts (gained 1) There's nothing to open nearby.
HP restored.
Found a stone staircase leading down.
A rat comes into view.
Throw: 11 stones
Press: ? - help, Q - select action, (/) - cycle Shift-Dir - straight line, f - rat
Aim: a rat (asleep, 98% to hit)
You throw a stone. The stone hits the rat.
The rat is heavily wounded.
There is an open door here.
You punch the rat!
You kill the rat!
There is an open door here.
There is an open door here.
There is an open door here.
There is a stone staircase leading down here.
You open the door.
There is an open door here.
There is a stone staircase leading down here.
There is an open door here.
You open the door.
There is an open door here.
i - 2 metallic black potions (gained 1) As you open the door, it creaks loudly!
There is an open door here.
You now have 114 gold pieces (gained 19).
Done exploring.
You open the door.
There is an open door here.
There is an open door here.
There is a stone staircase leading down here.
You climb downwards.
There is a stone staircase leading up here.
Saving game... please wait.
Welcome back, Ceno the Draconian Shapeshifter.
Ashenzari says: Partake of my vision.
Partake of my curse.
Press ? for a list of commands and other information.
Unknown command.
Are you sure you want to abandon this character and quit the game? (Confirm with "yes".)

#. #. #.
#. ###.
...
######.##
.......h#
######..#
....#
##...#
....#
♣♣♣♣♣#


There were no monsters in sight!

Vanquished Creatures
  Terence (D:2)
  An adder (D:2)
  A dart slug (D:1)
  4 orcs (D:2)
  4 ball pythons
  2 endoplasms (D:1)
  A giant cockroach (D:2)
  2 goblins
  6 hobgoblins
  2 kobolds (D:1)
  3 quokkas
  3 bats
  5 frilled lizards
  5 rats
40 creatures vanquished.

Notes
Turn   | Place    | Note
-------+----------+-------------------------------------------
     0 | D:1      | Ceno the Draconian Shapeshifter began the quest for the
                  | Orb.
     0 | D:1      | Reached XP level 1. HP: 17/17 MP: 1/1
   389 | D:1      | Reached XP level 2. HP: 25/25 MP: 2/2
   794 | D:1      | Reached skill level 1 in Stealth
  1239 | D:2      | Found a broken altar of Ashenzari.
  1252 | D:2      | Reached XP level 3. HP: 27/30 MP: 3/3
  1278 | D:2      | Became a worshipper of Ashenzari the Shackled
  1483 | D:2      | Noticed Terence
  1506 | D:2      | Killed Terence
  1668 | D:2      | Identified the +0 leather armour of Focus {rC+}
  1705 | D:2      | Reached XP level 4. HP: 38/38 MP: 4/4
  2288 | D:3      | Upgraded the game from 0.31-a0-277-g31ea1f65cc to
                  | 0.31-a0-920-g28cbb04a8c
  2288 | D:3      | Quit the game

Illustrated notes

Levels and vault maps discovered:
D:1:      erik_arrival_cave_to_civilisation [erik_arrival_cave_to_hall],
          layout_basic, hangedman_decor_push
D:2:      layout_loops_corners, basic_altar, minmay_misc_feat_columns,
          uniq_terence
D:3:      layout_basic, mainiacjoe_overflow_24_doors, serial_bayou,
          serial_bayou_pond_e, serial_bayou_lake_a, serial_bayou_ford_a,
          serial_bayou_shore_a, minmay_misc_feat_x

Skill      XL: |  1  2  3 |
---------------+----------+-----
Stealth        | 1 |  1.6
Unarmed Combat | 3 |  3.5
Fighting       | 3 |  3.0
Dodging        | |  1.7
Shapeshifting  | |  3.2

Action                     |  1- 3 |  4- 6 || total
---------------------------+-------+-------++-------
  Melee: Unarmed           |    74 |    14 ||    88
         Tailslap          |     9 |       ||     9
         Punch             |     2 |     1 ||     3
  Throw: Stone             |     2 |     2 ||     4
         Dart              |     5 |     5 ||    10
   Stab: Sleeping          |     5 |       ||     5
 Armour: Skin              |    10 |     2 ||    12
  Dodge: Dodged            |    38 |     2 ||    40
         Form:             |     1 |       ||     1
         Beast             |     1 |       ||     1

Table legend: (Time is in decaauts)
 A = Elapsed time spent in this place.
 B = Non-inter-level travel time spent in this place.
 C = Inter-level travel time spent in this place.
 D = Time resting spent in this place.
 E = Time spent auto-exploring this place.
 F = Levels seen in this place.
 G = Mean time per level.
                   A        B        C        D        E       F      G
               +--------+--------+--------+--------+--------+-----+--------+
         Total |   2283 |   2183 |    100 |     96 |   1170 |   3 |  761.0 |
       Dungeon |   2283 |   2183 |    100 |     96 |   1170 |   3 |  761.0 |
               +--------+--------+--------+--------+--------+-----+--------+

Top non-repeatable levels by time:
     D:1: 1233 daAuts
     D:2: 1048 daAuts
     D:3: 0 daAuts
